 Dungeon Crawl Stone Soup version 0.23.2-30-g0e89c35649 (webtiles) character file.

Game seed: 10279682771650020431

105 shadizar the Shield-Bearer (level 4, -7/29 HPs)
             Began as a Gargoyle Fighter on June 22, 2019.
             Killed by divine providence
             ... invoked by an orc priest
              (12 damage)
             ... on level 2 of the Dungeon.
             The game lasted 00:01:26 (1609 turns).

shadizar the Shield-Bearer (Gargoyle Fighter)       Turns: 1609, Time: 00:01:27

Health: -7/29      AC: 10    Str: 21    XL:     4   Next: 83%
Magic:  4/4        EV:  8    Int:  8    God:
Gold:   43         SH:  9    Dex:  9    Spells: 3/3 levels left

rFire    . . .     SeeInvis .   a - +0 flail
rCold    . . .     Gourm    .   c - +0 shield
rNeg     + . .     Faith    .   b - +0 scale mail
rPois    ∞         Spirit   .   (no helmet)
rElec    +         Reflect  .   (no cloak)
rCorr    .         Harm     .   (no gloves)
MR       .....                  (no boots)
Stlth    ..........             (no amulet)
HPRegen  0.09/turn              (no ring)
MPRegen  0.09/turn              (no ring)

@: no status effects
A: negative energy resistance 1, electricity resistance, unbreathing,
petrification resistance, rot immunity, AC +3
a: no special abilities


You were on level 2 of the Dungeon.
You were not hungry.

You visited 1 branch of the dungeon, and saw 3 of its levels.

You collected 43 gold pieces.

Inventory:

Hand Weapons
 a - a +0 flail (weapon)
 e - a +2 hand axe of electrocution
Armour
 b - a +0 scale mail (worn)
 c - a +0 shield (worn)
Scrolls
 h - a scroll of enchant armour {unknown}
 i - a scroll of identify {unknown}
Potions
 d - a potion of might
 g - a potion of cancellation {unknown}
 k - a potion of degeneration {unknown}
Comestibles
 f - 3 rations


   Skills:
 + Level 3.8 Fighting
 + Level 3.2 Maces & Flails
 + Level 3.8 Armour
 + Level 1.0 Dodging
 + Level 3.9 Shields


You had 3 spell levels left.
You didn't know any spells.
Your spell library was empty.

Dungeon Overview and Level Annotations

Branches:
Dungeon (3/15)

Altars:
Hepliaklqana
The Shining One


Innate Abilities, Weirdness & Mutations

You are resistant to torment.
Your stone body is resilient. (AC +3)
You are immune to poison.
You resist negative energy. (rN+)
You are resistant to electric shocks. (rElec)
You can survive without breathing.
You are immune to petrification.
You are immune to rotting.


Message History

You are too injured to fight recklessly!
You are too injured to fight recklessly!
You are too injured to fight recklessly!
You are too injured to fight recklessly!
You are too injured to fight recklessly!
You are too injured to fight recklessly!
You are too injured to fight recklessly!
You are too injured to fight recklessly!
You are too injured to fight recklessly!
You are too injured to fight recklessly!
You are too injured to fight recklessly!
You are too injured to fight recklessly!
You are too injured to fight recklessly!
You are too injured to fight recklessly!
You are too injured to fight recklessly!
You are too injured to fight recklessly!
You are too injured to fight recklessly!
The orc priest invokes the aid of Beogh against you.
Beogh smites you!
You die...

..#.#.#.#.#####
#>#.#.##### #
#.#.....# #..#
#.####.## #..#
#.# #.# #..#
#.# #.# #..# #.
#.# #..# #.#
#..# #@# #..#
#.# #..# #.#
...# #o#
##...... ..#
###### ### # #


You could see an orc priest.

Vanquished Creatures
  An orc wizard (D:3)
  3 adders
  2 oozes (D:2)
  A dart slug (D:1)
  A leopard gecko (D:1)
  3 orcs (D:2)
  A giant cockroach (D:1)
  4 goblins
  3 hobgoblins
  5 kobolds
  5 bats
  3 frilled lizards
  5 rats (D:1)
37 creatures vanquished.

Notes
Turn   | Place    | Note
-------+----------+-------------------------------------------
     0 | D:1      | shadizar the Gargoyle Fighter began the quest for the Orb.
     0 | D:1      | Reached XP level 1. HP: 14/14 MP: 1/1
   189 | D:1      | Reached XP level 2. HP: 19/19 MP: 2/2
   843 | D:2      | Reached XP level 3. HP: 24/24 MP: 3/3
  1315 | D:2      | Reached XP level 4. HP: 25/29 MP: 4/4
  1342 | D:3      | Reached skill level 1 in Dodging
  1475 | D:2      | Found a glowing golden altar of the Shining One.
  1534 | D:2      | Found a hazy altar of Hepliaklqana.
  1609 | D:2      | Killed from afar by an orc priest

Skill      XL: |  1  2  3  4 |
---------------+-------------+-----
Maces & Flails | 3 |  3.2
Dodging        | 1 |  1.0
Fighting       | |  3.8
Armour         | |  3.8
Shields        | |  3.9

Action                   |  1- 3 |  4- 6 || total
-------------------------+-------+-------++-------
Melee: Flail             |    90 |    42 ||   132
  Eat: Chunk             |     1 |     1 ||     2
Armor: Scale mail        |    47 |    26 ||    73
Dodge: Dodged            |    24 |    10 ||    34
Block: Shield            |    43 |    21 ||    64
